 Dungeon Crawl Stone Soup version bcrawl-1.23.1 (webtiles) character file.

Game seed: 59724108704424644

2336 funkygono the Shield-Bearer (level 9, -1/69 HPs)
             Began as a Formicid Fighter on May 27, 2020.
             Was a Follower of Okawaru.
             Slain by a phantom (5 damage)
             ... on level 6 of the Dungeon.
             The game lasted 00:15:32 (7106 turns).

funkygono the Shield-Bearer (Formicid Fighter)      Turns: 7106, Time: 00:15:33

Health: -1/69      AC: 17    Str: 21 (23) XL:     9   Next: 70%
Magic:  9/9        EV:  9    Int:  9 (12) God:    Okawaru [*.....]
Gold:   308        SH: 10    Dex:  8 (10) Spells: 8/8 levels left

rFire    x . .     SeeInvis +   a - +1 flail
rCold    + + .     Gourm    .   c - +0 medium shield
rNeg     . . .     Faith    .   x - +1 scale mail {rPois}
rPois    +         Spirit   .   (helmet unavailable)
rElec    .         Reflect  .   v - +3 cloak of Narcissism {Int+3}
rCorr    .         Harm     .   j - +1 pair of gloves
MR       .....                  r - +1 pair of boots
Stlth    ..........             (no amulet)
HPRegen  0.21/turn              l - ring of ice
MPRegen  0.11/turn              m - ring of protection from cold

@: no status effects
A: permanent stasis, dig shafts and tunnels, four strong arms, antennae 3
a: Dig, Shaft Self, Heroism, Renounce Religion


You were on level 6 of the Dungeon.
You worshipped Okawaru.
Okawaru was aware of your devotion.
You were very hungry.

You visited 2 branches of the dungeon, and saw 7 of its levels.

You collected 517 gold pieces.
You spent 209 gold pieces at shops.

Inventory:

Hand Weapons
 a - a +1 flail (weapon)
 o - a +0 whip of freezing
 t - a +0 flail of protection
Missiles
 i - 668 stones (quivered)
Armour
 b - a +0 scale mail
 c - a +0 medium shield (worn)
 j - a +1 pair of gloves (worn)
 r - a +1 pair of boots (worn)
 u - a +2 leather armour of positive energy
 v - the +3 cloak of Narcissism (worn) {Int+3}
   (You bought it in a shop on level 5 of the Dungeon)

   It affects your intelligence (+3).
 x - a +1 scale mail of poison resistance (worn)
Magical Staves
 k - an uncursed staff of power {unknown}
Jewellery
 l - a ring of ice (left hand)
 m - a ring of protection from cold (right hand)
Scrolls
 h - a scroll of remove curse
Potions
 d - a potion of magic
 f - a potion of ambrosia
Comestibles
 e - 5 rations {!d}


   Skills:
 + Level 5.7 Fighting
 + Level 7.3 Maces & Flails
 + Level 7.2 Armour
 + Level 3.1 Dodging
 + Level 1.0 Stealth
 + Level 7.8 Shields
   Level 0.5 Evocations


You had 8 spell levels left.
You didn't know any spells.
Your spell library contained the following spells:

 Spells                   Type           Power        Failure   Level  Hunger
 Beastly Appendage        Tmut           #.....       97%         1    ##.....
 Magic Dart               Conj           #...         97%         1    ##.....
 Call Imp                 Summ           #.....       99%         2    ###....
 Sticks to Snakes         Tmut           #.......     99%         2    ###....
 Conjure Flame            Conj/Fire      #.......     100%        3    ####...
 Mephitic Cloud           Conj/Pois/Air  #.......     100%        3    ####...
 Spider Form              Tmut/Pois      #..          100%        3    ####...
 Ice Form                 Ice/Tmut       #.......     100%        4    #####..
 Blade Hands              Tmut           #.........   100%        5    ######.
 Blink                    Tloc           Unusable     N/A         2    N/A

Dungeon Overview and Level Annotations

Branches:
Dungeon (6/12)             Temple (1/1) D:4

Altars:
Ashenzari
Cheibriados
Dithmenos
Elyvilon
Gozag
Kikubaaqudgha
Lugonu
Makhleb
Okawaru
Qazlal
Ru
Sif Muna
Trog
Vehumet
Wu Jian
Xom
Yredelemnul
The Shining One

Shops:
D:5 [


Innate Abilities, Weirdness & Mutations

You cannot be hasted, slowed, berserked, paralysed or teleported.
You can dig through walls and to a lower floor.
Your four strong arms can wield two-handed weapons with a shield.
You have a pair of large antennae on your head. (SInv)


Message History

You hit the phantom.
The phantom is lightly damaged.
A hippogriff comes into view.
You block the phantom's attack.
You thump the phantom!
The phantom is moderately damaged.
You block the phantom's attack.
You barely miss the phantom.
The phantom is moderately damaged.
The phantom hits you but does no damage.
You sock the phantom!
The phantom is severely damaged.
The phantom barely misses you.
You closely miss the phantom.
The phantom is severely damaged.
The phantom hits you but does no damage.
You hit the phantom.
The phantom is severely damaged.
The phantom hits you.
You die...

###. ######...#
..
###.#...>..###.#
#)))........#..#
##%@W.H.......#
##.............##
#....#...........
##...#..<........
###.#...........
#....##†.......
#...........##..
##..............
#...............


You could see a hippogriff and a phantom.

Vanquished Creatures
  Pikel (D:4)
  Prince Ribbit (D:6)
  Sigmund (D:2)
  Edmund (D:5)
  Menkaure (D:5)
  2 slaves (D:4)
  A phantom (D:5)
  2 ogres
  A bullfrog (D:6)
  A big kobold (D:6)
  A howler monkey (D:6)
  The ghost of dscm the Sneak, a weakling OpAc (D:3)
  2 bullfrog zombies (D:3)
  A centaur zombie (D:3)
  3 crimson imps
  A hound (D:5)
  A quasit (D:6)
  A jelly (D:4)
  A bullfrog skeleton (D:5)
  2 orc priests
  6 orc wizards
  3 worker ants
  A hound zombie (D:3)
  A mummy (D:3)
  3 gnolls (D:6)
  5 adders
  An adder skeleton (D:4)
  A worm (D:2)
  A dart slug (D:2)
  3 leopard geckos
  19 orcs
  4 giant cockroaches
  4 goblins
  8 hobgoblins
  13 jackals
  6 kobolds
  3 quokkas
  A ball python (D:2)
  3 bats
  2 frilled lizards (D:2)
  8 rats
122 creatures vanquished.

Vanquished Creatures (others)
  A slave (D:4)
  An orc wizard (D:4)
2 creatures vanquished.

Grand Total: 124 creatures vanquished

Notes
Turn   | Place    | Note
-------+----------+-------------------------------------------
     0 | D:1      | funkygono the Formicid Fighter began the quest for the Orb.
     0 | D:1      | Reached XP level 1. HP: 18/18 MP: 1/1
   302 | D:1      | Reached XP level 2. HP: 23/24 MP: 2/2
   755 | D:1      | Found a shattered altar of Ashenzari.
  1408 | D:2      | Reached XP level 3. HP: 28/29 MP: 3/3
  1584 | D:2      | Noticed an ogre
  1598 | D:2      | Killed an ogre
  1598 | D:2      | Reached XP level 4. HP: 5/37 MP: 4/4
  1598 | D:2      | Reached XP level 5. HP: 6/42 MP: 5/5
  1978 | D:2      | Found a glowing golden altar of the Shining One.
  2019 | D:2      | Noticed Sigmund
  2040 | D:2      | Killed Sigmund
  2040 | D:2      | Reached skill level 1 in Dodging
  2040 | D:2      | Reached skill level 5 in Shields
  2040 | D:2      | Reached XP level 6. HP: 13/48 MP: 6/6
  3028 | D:3      | Found a burning altar of Makhleb.
  3029 | D:3      | Found a radiant altar of Vehumet.
  3065 | D:3      | Reached XP level 7. HP: 54/54 MP: 7/7
  3293 | D:3      | HP: 2/54 [poisoned by an orc wizard]
  3301 | D:3      | HP: 2/54 [poisoned by an orc wizard]
  3888 | D:3      | Found a transporter.
  3888 | D:3      | Noticed dscm's ghost (weakling OpAc)
  3974 | D:3      | Found a transporter.
  4214 | D:3      | Killed dscm's ghost
  4214 | D:3      | Reached skill level 5 in Armour
  4649 | D:4      | Noticed Pikel
  4671 | D:4      | Killed Pikel
  4671 | D:4      | Reached skill level 5 in Maces & Flails
  4671 | D:4      | Reached XP level 8. HP: 38/61 MP: 8/8
  5050 | D:4      | Found an ancient bone altar of Kikubaaqudgha.
  5132 | D:4      | Found Miuganik's Armour Shoppe.
  5236 | D:4      | Reached skill level 5 in Fighting
  5554 | D:4      | Found a staircase to the Ecumenical Temple.
  5565 | Temple   | Entered the Ecumenical Temple
  5578 | Temple   | Became a worshipper of Warmaster Okawaru
  5666 | D:5      | Entered Level 5 of the Dungeon
  5881 | D:5      | Reached XP level 9. HP: 68/68 MP: 9/9
  5960 | D:5      | Noticed Menkaure
  5961 | D:5      | Killed Menkaure
  6018 | D:5      | Found a shimmering altar of Xom.
  6257 | D:5      | Noticed Edmund
  6286 | D:5      | Killed Edmund
  6286 | D:5      | Reached skill level 1 in Stealth
  6375 | D:5      | Found a shimmering blue altar of Sif Muna.
  6473 | D:5      | Found Xukhlats's Antique Armour Emporium.
  6480 | D:5      | Bought a transparent cloak for 209 gold pieces
  6485 | D:5      | Identified the +3 cloak of Narcissism {Int+3} (You bought
                  | it in a shop on level 5 of the Dungeon)
  6982 | D:6      | Noticed Prince Ribbit
  6992 | D:6      | Killed Prince Ribbit
  6992 | D:6      | Reached * piety under Okawaru
  7091 | D:6      | HP: 3/69 [phantom (7)]
  7099 | D:6      | HP: 3/69 [poisoned by a worker ant]
  7101 | D:6      | Noticed a hippogriff
  7106 | D:6      | Slain by a phantom

Skill      XL: |  1  2  3  4  5  6  7  8  9 |
---------------+----------------------------+-----
Shields        | 4 5 6 7 |  7.8
Maces & Flails | 3 4 5 6 7 |  7.3
Armour         | 4 6 7 |  7.2
Fighting       | 4 5 |  5.7
Dodging        | 1 2 3 |  3.1
Stealth        | 1 |  1.0
Evocations     | |  0.5

Action                   |  1- 3 |  4- 6 |  7- 9 || total
-------------------------+-------+-------+-------++-------
Melee: Flail             |    75 |   121 |   426 ||   622
Evoke: Wand              |       |       |     5 ||     5
  Use: Scroll            |     5 |     1 |     4 ||    10
       Potion            |       |     1 |     6 ||     7
  Eat: Chunk             |     2 |     5 |     9 ||    16
       Ration            |       |       |     1 ||     1
Armor: Scale mail        |    33 |    46 |   224 ||   303
Dodge: Dodged            |    21 |    30 |   186 ||   237
Block: Medium shield     |    42 |    68 |   272 ||   382
